 Dungeon Crawl Stone Soup version 0.23-a0-519-ga799fc4 (webtiles) character file.

5 tidbits the Caller (level 1, 13/13 HPs)
             Began as a Gnoll Summoner on Dec 6, 2018.
             Quit the game on level 1 of the Dungeon.
             The game lasted 00:01:02 (97 turns).

tidbits the Caller (Gnoll Summoner)                   Turns: 97, Time: 00:01:03

Health: 13/13      AC:  2    Str: 10    XL:     1   Next: 80%
Magic:  6/6        EV: 14    Int: 17    God:
Gold:   20         SH:  0    Dex: 15    Spells: 8/9 levels left

rFire    . . .     SeeInvis .   a - -3 short sword (curse)
rCold    . . .     Gourm    .   (no shield)
rNeg     . . .     Faith    .   d - +0 robe
rPois    .         Spirit   .   (no helmet)
rElec    .         Reflect  .   (no cloak)
rCorr    .         Harm     .   (no gloves)
MR       .....                  (no boots)
Stlth    +++.......             (no amulet)
HPRegen  0.04/turn              (no ring)
MPRegen  0.10/turn              (no ring)

@: no status effects
A: distributed training, fangs 1, strong nose
a: no special abilities


You were on level 1 of the Dungeon.
You were not hungry.

You visited 1 branch of the dungeon, and saw 1 of its levels.

You collected 20 gold pieces.

Inventory:

Hand Weapons
 a - a cursed -3 short sword (weapon)
 f - a +0 whip
Armour
 d - a +0 robe (worn)
Scrolls
 b - a scroll of enchant weapon {unknown}
 e - a scroll of random uselessness {unknown}
Comestibles
 c - 2 rations


   Skills:
 + Level 0.1 Fighting
 + Level 0.1 Short Blades
 + Level 0.1 Long Blades
 + Level 0.1 Axes
 + Level 0.1 Maces & Flails
 + Level 0.1 Polearms
 + Level 0.1 Staves
 + Level 0.1 Slings
 + Level 0.1 Bows
 + Level 0.1 Crossbows
 + Level 0.1 Throwing
 + Level 0.1 Armour
 + Level 4.4 Dodging
 + Level 4.0 Stealth
 + Level 0.1 Shields
 + Level 0.1 Unarmed Combat
 + Level 4.9 Spellcasting
 + Level 0.1 Conjurations
 + Level 0.1 Hexes
 + Level 0.1 Charms
 + Level 7.0 Summonings
 + Level 0.1 Necromancy
 + Level 0.1 Translocations
 + Level 0.1 Transmutations
 + Level 0.1 Fire Magic
 + Level 0.1 Ice Magic
 + Level 0.1 Air Magic
 + Level 0.1 Earth Magic
 + Level 0.1 Poison Magic
 + Level 0.2 Invocations
 + Level 0.1 Evocations


You had 8 spell levels left.
You knew the following spells:

 Your Spells              Type           Power        Failure   Level  Hunger
a - Summon Small Mammal   Summ           ####         1%          1    None

Your spell library contained the following spells:

 Spells                   Type           Power        Failure   Level  Hunger
 Call Imp                 Summ           ####....     1%          2    #......
 Call Canine Familiar     Summ           ####....     2%          3    ###....
 Summon Guardian Golem    Hex/Summ       ###.....     10%         3    ###....
 Summon Ice Beast         Ice/Summ       ###.....     32%         4    ####...
 Summon Lightning Spire   Summ/Air       ###.....     32%         4    ####...


Dungeon Overview and Level Annotations

Branches:
Dungeon (1/15)

Altars:


Innate Abilities, Weirdness & Mutations

Your experience applies equally to all skills.
You have very sharp teeth.
Your uncanny sense of smell can sniff out nearby items.


Message History

The kobold hits your bat with a +0 whip.
Your bat dies!
Your bat's corpse disappears in a puff of smoke!
Your rat closely misses the kobold.
The kobold shouts!
You hit the kobold.
You kill the kobold!
You hear an angry hiss.
A leopard gecko comes into view.
Things that are here:
a +0 whip; a kobold corpse Unknown command.
d - a +0 whip Wield which item (- for none, * to show all)? (? for menu, Esc to quit)
d - a +0 whip (weapon)
Adjust (i)tems, (s)pells, or (a)bilities?
Adjust which item? (? for menu, Esc to quit)
d - a +0 whip (weapon)
Adjust to which letter? (? for menu, Esc to quit)
a - a +0 whip (weapon);
d - a +0 robe (worn)
Unknown command.
Casting: Summon Small Mammal (safe; 1% risk of failure)
Confirm with . or Enter, or press ? or * to list all spells.
The leopard gecko closely misses your bat.
Your bat barely misses the leopard gecko.
The leopard gecko bites your bat but does no damage.
Your bat closely misses the leopard gecko.
Your bat misses the leopard gecko.
The leopard gecko barely misses your rat.
Your rat barely misses the leopard gecko.
Your bat barely misses the leopard gecko.
Found a ration.
Unknown command.
Your bat misses the leopard gecko.
The leopard gecko closely misses your rat.
Your rat barely misses the leopard gecko.
The leopard gecko hisses menacingly.
The leopard gecko completely misses your rat.
Unknown command.
The leopard gecko bites your rat.
Your rat dies!
Your rat's corpse disappears in a puff of smoke!
Unknown command.
The leopard gecko barely misses your bat.
You see here a ration.
c - 2 rations (gained 1)
Your bat disappears in a puff of smoke!
Your bat hits the leopard gecko but does no damage.
Your bat hits the leopard gecko. The leopard gecko bites your bat.
Your bat dies!
Your bat's corpse disappears in a puff of smoke!
Casting: Summon Small Mammal (safe; 1% risk of failure)
Confirm with . or Enter, or press ? or * to list all spells.
Your bat hits the leopard gecko. Your bat hits the leopard gecko.
You closely miss the leopard gecko.
The leopard gecko is heavily wounded.
Your bat disappears in a puff of smoke!
Your quokka bites the leopard gecko.
The leopard gecko bites you.
You hit the leopard gecko. Your bite misses the leopard gecko.
The leopard gecko is almost dead.
Your quokka completely misses the leopard gecko.
The leopard gecko closely misses you.
You hit the leopard gecko.
You kill the leopard gecko!
Found 17 stones.
Found a scroll labeled ZYCKEI DUED.
Unknown command.
You see here a scroll labeled ZYCKEI DUED.
e - a scroll labeled ZYCKEI DUED
Found 8 gold pieces.
A kobold comes into view.
Unknown command.
You see here 8 gold pieces.
You now have 8 gold pieces.
Your quokka disappears in a puff of smoke!
Found 12 gold pieces.
A bat comes into view.
Unknown command.
Unknown command.
The helpless bat fails to defend itself.
You hit the bat.
The bat is severely wounded.
The bat closely misses you.
You hit the bat.
You kill the bat!
You see here 12 gold pieces.
You now have 20 gold pieces (gained 12).
Found a short sword.
You see here a short sword.
f - a short sword Wield which item (- for none, * to show all)? (? for menu, Esc to quit)
It sticks to your hand!
f - a cursed -3 short sword (weapon)
Adjust (i)tems, (s)pells, or (a)bilities?
Adjust which item? (? for menu, Esc to quit)
f - a cursed -3 short sword (weapon)
Adjust to which letter? (? for menu, Esc to quit)
a - a cursed -3 short sword (weapon);
f - a +0 whip Are you sure you want to abandon this character and quit the game? (Confirm

.≈.<.≈....#..#
.≈...≈....#..#
..≈≈≈.....#..#####
..........#......#
..........#......#
..........#..#####
.........≈#......#
#.....####....##.#
...........##.##@#
###....###.##....#
.......###########
..#..#.#8###⌠###
.....#..........
.....#..........
....§...........
#...§..#8###⌠###
.....##### #


There were no monsters in sight!

Vanquished Creatures
  A leopard gecko (D:1)
  2 bats (D:1)
  A kobold (D:1)
4 creatures vanquished.

Vanquished Creatures (collateral kills)
  A giant cockroach (D:1)
  2 rats (D:1)
3 creatures vanquished.

Grand Total: 7 creatures vanquished

Notes
Turn   | Place    | Note
-------+----------+-------------------------------------------
     0 | D:1      | tidbits the Gnoll Summoner began the quest for the Orb.
     0 | D:1      | Reached XP level 1. HP: 13/13 MP: 6/6
    97 | D:1      | Quit the game

Vault maps used:
D:1:      enne_arrival_octagon_isle, serial_corexii_hall,
          corexii_hall_statues_i, corexii_hall_statues_x,
          corexii_hall_statues_l, chequers_hall_statues_wall_a,
          chequers_mini_garden, minmay_strange_pillars, minmay_misc_feat_rugged,
          minmay_misc_feat_pillars

Action                   || total
-------------------------++-------
Melee: Unarmed           ||     6
       Whip              ||     5
 Cast: Summon Small Mamm ||     6
 Stab: Sleeping          ||     1
Dodge: Dodged            ||     8

Table legend:
 A = Non-vault XP
 B = Vault XP
 C = Vault XP percentage of total XP
 D = Non-vault monster count
 E = Vault monster count
 F = Vault count percentage of total count
                 A         B        C        D         E       F
            +---------+---------+-------+---------+---------+-------
      Total |       8 |       0 |   0.0 |       7 |       0 |   0.0
            +---------+---------+-------+---------+---------+-------
        D:1 |       8 |       0 |   0.0 |       7 |       0 |   0.0
            +---------+---------+-------+---------+---------+-------

Table legend:
 A = Turns spent in this place as a percentage of turns spent in the entire game.
 B = Non-inter-level travel turns spent in this place as a percentage of non-inter-level travel turns spent in the entire game.
 C = Inter-level travel turns spent in this place as a percentage of turns spent in this place.
 D = Turns resting spent in this place as a percentage of non-inter-level travel turns spent in this place.
 E = Turns spent auto-exploring this place as a percentage of non-inter-level travel turns spent in this place.
 F = Non-inter-level travel turns spent in this place divided by the number of levels of this place that you've seen.
                   A       B       C       D       E      F
               +-------+-------+-------+-------+-------+----------------------
         Total | 100.0 | 100.0 |   0.0 |   0.0 |   0.0 |  97.0
       Dungeon | 100.0 | 100.0 |   0.0 |   0.0 |   0.0 |  97.0
               +-------+-------+-------+-------+-------+----------------------

Table legend:
 A = Kills in this place as a percentage of kills in entire the game.
 B = Kills by you in this place as a percentage of kills by you in the entire game.
 C = Kills by friends in this place as a percentage of kills by friends in the entire game.
 D = Other kills in this place as a percentage of other kills in the entire game.
 E = Experience gained in this place as a percentage of experience gained in the entire game.
 F = Experience gained in this place divided by the number of levels of this place that you have seen.
                   A       B       C       D       E      F
               +-------+-------+-------+-------+-------+----------------------
         Total | 100.0 | 100.0 | 100.0 |   N/A | 100.0 |   8.0
       Dungeon | 100.0 | 100.0 | 100.0 |   N/A | 100.0 |   8.0
               +-------+-------+-------+-------+-------+----------------------

Vault maps used:
D:1:      enne_arrival_octagon_isle, serial_corexii_hall,
          corexii_hall_statues_i, corexii_hall_statues_x,
          corexii_hall_statues_l, chequers_hall_statues_wall_a,
          chequers_mini_garden, minmay_strange_pillars, minmay_misc_feat_rugged,
          minmay_misc_feat_pillars
